 Dungeon Crawl Stone Soup version 0.22.1-2-g9c5b331383 (webtiles) character file.

21205 Narretz the Cleaver (level 12, -31/94 HPs)
             Began as a Demonspawn Gladiator on Nov 27, 2018.
             Was a Believer of Uskayaw.
             Annihilated by a very large slime creature (38 damage)
             ... on level 11 of the Dungeon.
             The game lasted 01:05:31 (15363 turns).

Narretz the Cleaver (Demonspawn Gladiator)         Turns: 15363, Time: 01:05:32

Health: -31/94     AC: 19    Str: 15    XL:     12   Next: 52%
Magic:  0/16       EV: 15    Int: 10    God:    Uskayaw [**....]
Gold:   770        SH:  0    Dex: 19    Spells: 11/11 levels left

rFire    + + +     SeeInvis +   M - +0 battleaxe
rCold    . . .     Gourm    .   (shield currently unavailable)
rNeg     + + .     Faith    .   Q - +6 scale mail "Syenwor" {*Slow rF+++ rN+ Slay+4}
rPois    +         Spirit   +   (helmet unavailable)
rElec    .         Reflect  .   (no cloak)
rCorr    .         Harm     .   H - +2 pair of gloves
MR       .....                  (no boots)
Stlth    ++........             x - amulet of rage
HPRegen  0.25/turn              C - ring of poison resistance
MPRegen  0.15/turn              I - ring of positive energy

@: no status effects
A: antennae 3, molten scales 1, demonic guardian 1, magic shield
a: Stomp, Line Pass, Renounce Religion, Evoke Berserk Rage


You were on level 11 of the Dungeon.
You worshipped Uskayaw.
Uskayaw was noncommittal.
You were not hungry.

You visited 3 branches of the dungeon, and saw 16 of its levels.

You collected 770 gold pieces.

Inventory:

Hand Weapons
 a - a +0 war axe
 o - a +0 hunting sling
 M - a +0 battleaxe (weapon)
Missiles
 p - 298 stones
 v - 2 throwing nets (quivered)
 R - 38 sling bullets
Armour
 D - a +3 scale mail
 G - a +0 leather armour of magic resistance
 H - a +2 pair of gloves (worn)
 Q - the +6 scale mail "Syenwor" (worn) {*Slow rF+++ rN+ Slay+4}
   (You took it off a wight on level 10 of the Dungeon)

   It affects your accuracy and damage with ranged weapons and melee attacks
   (+4).
   It renders you almost immune to fire.
   It protects you from negative energy.
   It may slow you when you take damage.
Jewellery
 x - an amulet of rage (around neck)
 z - an uncursed ring of flight
 C - a ring of poison resistance (left hand)
 I - a ring of positive energy (right hand)
Wands
 b - a wand of enslavement (10)
 t - a wand of flame (51)
 y - a wand of digging (13)
 E - a wand of polymorph (21)
 S - a wand of iceblast (11)
 T - a wand of random effects (31)
Scrolls
 e - 7 scrolls of remove curse
 g - 3 scrolls of teleportation
 l - a scroll of noise {unknown}
 q - 2 scrolls of fear
 A - a scroll of immolation {unknown}
 F - a scroll of fog {unknown}
 K - a scroll of enchant armour
 L - a scroll of magic mapping {unknown}
 N - 2 scrolls of amnesia
 P - a scroll of silence {unknown}
Potions
 d - 3 potions of brilliance
 h - 2 potions of mutation
 i - 2 potions of cancellation {unknown}
 k - 2 potions of resistance {unknown}
 m - 3 potions of curing
 r - 3 potions of lignification {unknown}
 s - 3 potions of flight {unknown}
 u - 2 potions of might {unknown}
 w - a potion of experience {unknown}
 B - 3 potions of haste {unknown}
 J - a potion of invisibility {unknown}
Miscellaneous
 U - a lightning rod (4/4)
Comestibles
 f - 20 rations


   Skills:
 + Level 8.7 Fighting
 + Level 11.9 Axes
 + Level 3.9(4.1) Slings
 - Level 1.9(3.2) Throwing
 * Level 7.9 Armour
 * Level 8.4 Dodging
 + Level 4.2 Stealth
 * Level 5.7 Invocations
 + Level 2.0 Evocations


You had 11 spell levels left.
You didn't know any spells.
Your spell library contained the following spells:

 Spells                   Type           Power        Failure   Level  Hunger
 Apportation              Tloc           #.....       77%         1    ##.....
 Corona                   Hex            #......      77%         1    ##.....
 Magic Dart               Conj           #...         77%         1    ##.....
 Summon Butterflies       Summ           #.......     77%         1    ##.....
 Ensorcelled Hibernation  Hex/Ice        #.....       88%         2    ###....
 Searing Ray              Conj           #.....       88%         2    ###....
 Confuse                  Hex            #.......     98%         3    ####...
 Dazzling Spray           Conj/Hex       #.....       98%         3    ####...
 Lesser Beckoning         Tloc           #.........   98%         3    ####...
 Tukima's Dance           Hex            #.......     98%         3    ####...
 Force Lance              Conj/Tloc      #.......     100%        4    #####..
 Fulminant Prism          Conj/Hex       #.........   100%        4    #####..
 Iskenderun's Mystic Bla  Conj           #.......     100%        4    #####..
 Alistair's Intoxication  Tmut/Pois      #.......     100%        5    ######.
 Invisibility             Hex            #.......     100%        6    #######


Dungeon Overview and Level Annotations

Branches:
Dungeon (12/15)            Temple (1/1) D:7            Lair (3/6) D:11
 Spider (0/4) Lair:3          Orc (0/2) D:9
  Swamp: Lair:2-4    Shoals: Lair:2-4

Altars:
Ashenzari
Cheibriados
Dithmenos
Elyvilon
Fedhas
Hepliaklqana
Kikubaaqudgha
Makhleb
Nemelex Xobeh
Okawaru
Qazlal
Ru
Sif Muna
Trog
Uskayaw
Vehumet
Wu Jian
Xom
Yredelemnul

Annotations:
D:3 exclusions: door and downstairs
D:7 exclusion: balrug
D:8 exclusion: 2 downstairs
D:9 exclusion: downstairs
D:10 exclusion: 2 downstairs
Lair:2 exclusion: 2 oklob plants
Lair:3 exclusion: hydra


Innate Abilities, Weirdness & Mutations

You have a pair of large antennae on your head. (SInv)
You are partially covered in molten scales. (AC +2)
A weak demonic guardian rushes to your aid.
When hurt, damage is shared between your health and your magic reserves.


Message History

You slash the slime creature! You hit the slime creature.
The slime creature hits you but does no damage.
The very large slime creature hits you!!!
* * * LOW HITPOINT WARNING * * *
The slime creature hits you.
* * * LOW HITPOINT WARNING * * *
You barely miss the slime creature.
The slime creature is almost dead.
You barely miss the very large slime creature.
You completely miss the slime creature. The slime creature barely misses you.
The very large slime creature hits you but does no damage.
The slime creature hits you.
* * * LOW HITPOINT WARNING * * *
Okay, then.
You slice the slime creature!!
You kill the slime creature!
You hit the slime creature. You hit the very large slime creature.
The slime creature closely misses you.
The very large slime creature hits you!!!
You die...

#.## ######.###..
#..# #.# #.. #.>#
#.# #.. ######.##
#.# #..
#...##.##########.#
#.#
#.#...............#
#.#
#...##.############
#.. ##.###J# ###
#.# #@######## #.#
#J.5.....# #.#
########.# #.# #.#
#.# #.# #.# #.# #.#
#.# ##.## #######.#
##...###..<....#


You could see a very large slime creature, a slime creature and a friendly
ufetubus.

Vanquished Creatures
  2 hydras
  Harold (D:8)
  Pikel (D:4)
  An ugly thing (D:7)
  Joseph (D:10)
  A kobold demonologist (D:11)
  7 spiny frogs
  3 komodo dragons
  2 trolls (D:9)
  3 hornets (Lair:3)
  Grinder (D:4)
  8 blink frogs
  A slime creature (D:11)
  2 dream sheep (D:9)
  12 spriggans (Lair:3)
  2 wyverns
  9 yaks
  Grum (Lair:1)
  A steam dragon (D:11)
  2 hungry ghosts
  Menkaure (D:4)
  Edmund (D:5)
  6 porcupines
  5 orc warriors
  7 water moccasins
  A slave (D:3)
  3 phantoms
  4 sky beasts
  An ice beast (D:6)
  5 ogres
  2 wolves (Lair:1)
  3 boggarts (Lair:3)
  3 centaurs
  7 crocodiles
  Blork the orc (D:4)
  3 big kobolds (D:9)
  11 bullfrogs
  5 scorpions
  4 killer bees (D:10)
  5 wights
  5 crimson imps
  A centaur zombie (D:6)
  2 hounds (D:10)
  2 jellies
  6 orc priests
  8 orc wizards
  4 iguanas
  6 worker ants
  A hound zombie (D:10)
  A worker ant zombie (D:11)
  2 gnolls (D:10)
  A howler monkey skeleton (D:5)
  7 adders
  2 shadow imps
  3 adder zombies
  An adder skeleton (D:7)
  5 worms
  3 dart slugs (D:1)
  4 leopard geckos
  21 orcs
  3 bats
  6 giant cockroaches
  7 goblins
  5 hobgoblins
  14 jackals
  4 kobolds
  8 quokkas
  3 ball pythons
  A frilled lizard (D:1)
  A jackal skeleton (D:6)
  4 rats
  A fungus (Lair:2)
281 creatures vanquished.

Vanquished Creatures (collateral kills)
  A black mamba (Lair:2)
  2 hippogriffs
  A basilisk (Lair:2)
  A water moccasin (Lair:2)
  A slave (D:3)
  An ogre (D:5)
  A bullfrog (Lair:3)
  2 killer bees (D:10)
  An orc priest (D:9)
  An iguana (D:10)
  An orc (D:5)
  3 jackals (D:6)
16 creatures vanquished.

Vanquished Creatures (others)
  A scorpion (D:10)
  A worker ant (D:6)
  An orc (D:4)
  2 fungi (Lair:3)
  2 plants (D:9)
7 creatures vanquished.

Grand Total: 304 creatures vanquished

Notes
Turn   | Place    | Note
-------+----------+-------------------------------------------
     0 | D:1      | Narretz the Demonspawn Gladiator began the quest for the
                  | Orb.
     0 | D:1      | Reached XP level 1. HP: 16/16 MP: 1/1
   145 | D:1      | Reached skill level 3 in Axes
   145 | D:1      | Gained mutation: A weak demonic guardian rushes to your
                  | aid. [demonic ancestry]
   145 | D:1      | Reached XP level 2. HP: 21/22 MP: 2/2
   550 | D:1      | Gained mutation: You are partially covered in molten
                  | scales. (AC +2) [demonic ancestry]
   550 | D:1      | Reached XP level 3. HP: 27/27 MP: 3/3
   883 | D:2      | Noticed a sky beast
  1192 | D:2      | Noticed an ogre
  1692 | D:3      | Found a hazy altar of Hepliaklqana.
  1749 | D:3      | Found a deep blue altar of Sif Muna.
  2063 | D:4      | Noticed a slave
  2063 | D:4      | Noticed a slave
  2063 | D:4      | Noticed a slave
  2064 | D:4      | Noticed Pikel
  2064 | D:4      | Noticed a slave
  2099 | D:4      | Reached XP level 4. HP: 34/34 MP: 4/4
  2152 | D:3      | Killed a slave
  2159 | D:3      | Killed a slave
  2471 | D:4      | Killed Pikel
  2471 | D:4      | Reached skill level 4 in Axes
  2471 | D:4      | Reached skill level 1 in Stealth
  2471 | D:4      | Reached XP level 5. HP: 24/40 MP: 5/5
  2471 | D:4      | Gained mutation: When hurt, damage is shared between your
                  | health and your magic reserves. [demonic ancestry]
  2471 | D:4      | Reached XP level 6. HP: 28/46 MP: 6/6
  2474 | D:4      | Noticed Grinder
  2503 | D:4      | Killed Grinder
  2503 | D:4      | Reached skill level 5 in Axes
  2503 | D:4      | Reached XP level 7. HP: 23/52 MP: 2/7
  2694 | D:4      | Noticed Menkaure
  2832 | D:4      | Killed Menkaure
  3018 | D:4      | Noticed Blork the orc
  3029 | D:4      | Killed Blork the orc
  3045 | D:4      | Found a sacrificial altar of Ru.
  3897 | D:5      | Entered Level 5 of the Dungeon
  3909 | D:5      | Gained mutation: You have a pair of small antennae on your
                  | head. [demonic ancestry]
  3909 | D:5      | Reached XP level 8. HP: 60/60 MP: 8/8
  3927 | D:5      | Found a blossoming altar of Fedhas.
  3973 | D:5      | Noticed Edmund
  4019 | D:5      | Killed Edmund
  4019 | D:5      | Reached skill level 6 in Axes
  4019 | D:5      | Reached skill level 1 in Slings
  4620 | D:5      | Found a shattered altar of Ashenzari.
  4980 | D:6      | Reached skill level 5 in Fighting
  5163 | D:6      | Reached skill level 5 in Dodging
  5241 | D:6      | Found a sacrificial altar of Ru.
  5366 | D:6      | Gained mutation: You have a pair of antennae on your head.
                  | [demonic ancestry]
  5366 | D:6      | Reached XP level 9. HP: 68/68 MP: 9/9
  5673 | D:7      | Found a staircase to the Ecumenical Temple.
  5714 | Temple   | Entered the Ecumenical Temple
  5735 | Temple   | Became a worshipper of Uskayaw the Reveler
  5771 | D:7      | Reached * piety under Uskayaw
  5780 | D:7      | Reached ** piety under Uskayaw
  5884 | D:7      | Reached skill level 7 in Axes
  5892 | D:7      | Found a burning altar of Makhleb.
  5892 | D:7      | Noticed a balrug
  6151 | D:8      | Noticed a red ugly thing
  6173 | D:7      | Reached *** piety under Uskayaw
  6175 | D:7      | Killed a red ugly thing
  6510 | D:8      | Found a shadowy altar of Dithmenos.
  6717 | D:8      | Found a bloodstained altar of Trog.
  6957 | D:8      | Reached skill level 8 in Axes
  7182 | D:8      | Noticed Harold
  7236 | D:8      | Killed Harold
  7256 | D:8      | Noticed a four-headed hydra
  7373 | D:8      | Found an iron altar of Okawaru.
  7537 | D:9      | Reached XP level 10. HP: 53/77 MP: 7/10
  7543 | D:9      | Reached **** piety under Uskayaw
  7544 | D:9      | Reached skill level 5 in Armour
  7547 | D:9      | Reached ***** piety under Uskayaw
  7991 | D:10     | Entered Level 10 of the Dungeon
  8205 | D:10     | Reached skill level 9 in Axes
  8404 | D:9      | Noticed a three-headed hydra
  8721 | D:9      | Reached skill level 1 in Evocations
  9615 | D:9      | Found a shimmering altar of Xom.
  9659 | D:9      | Killed a nine-headed hydra
  9939 | D:9      | Found a staircase to the Orcish Mines.
 10141 | D:9      | Gained mutation: You have a pair of large antennae on your
                  | head. (SInv) [demonic ancestry]
 10141 | D:9      | Reached XP level 11. HP: 62/84 MP: 8/12
 10485 | D:10     | Noticed Joseph
 10620 | D:10     | Reached skill level 10 in Axes
 10672 | D:10     | Got a smelly scale mail
 10687 | D:10     | Identified the +6 scale mail "Syenwor" {*Slow rF+++ rN+
                  | Slay+4} (You took it off a wight on level 10 of the
                  | Dungeon)
 10741 | D:10     | Killed Joseph
 11140 | D:10     | Found a bloodstained altar of Trog.
 11304 | D:11     | Noticed an eight-headed hydra
 11532 | D:11     | Killed an eight-headed hydra
 11932 | D:11     | Found a staircase to the Lair.
 12099 | Lair:1   | Entered Level 1 of the Lair of Beasts
 12302 | Lair:1   | Noticed Grum
 12743 | Lair:1   | Killed Grum
 12961 | Lair:2   | Reached skill level 1 in Invocations
 13198 | Lair:2   | Reached skill level 11 in Axes
 13556 | Lair:2   | Noticed an oklob plant
 13556 | Lair:2   | Noticed an oklob plant
 13856 | Lair:3   | Found a hole to the Spider Nest.
 13902 | Lair:3   | Noticed an eight-headed hydra
 14006 | Lair:3   | Noticed a spriggan rider
 14013 | Lair:3   | Reached XP level 12. HP: 80/94 MP: 11/14
 14583 | Lair:3   | Reached skill level 5 in Invocations
 15130 | Lair:3   | Noticed a six-headed hydra
 15362 | D:11     | HP: 6/94 [slime creature (2)]
 15363 | D:11     | Annihilated by a very large slime creature

Skill      XL: |  1  2  3  4  5  6  7  8  9 10 11 12 |
---------------+-------------------------------------+-----
Axes           | 3 4 5 6 8 9 11 | 11.9
Dodging        | 3 4 5 6 7 8 |  8.4
Armour         | 2 3 4 6 7 |  7.9
Stealth        | 1 2 3 4 |  4.2
Fighting       | 3 4 5 6 7 8 |  8.7
Slings         | 1 2 3 |  3.9
Evocations     | 1 2 |  2.0
Invocations    | 3 5 |  5.7
Throwing       | |  1.9

Action                   |  1- 3 |  4- 6 |  7- 9 | 10-12 || total
-------------------------+-------+-------+-------+-------++-------
Melee: War axe           |   122 |    35 |   408 |   276 ||   841
       Battleaxe         |       |       |       |   386 ||   386
 Fire: Hunting sling     |       |       |    58 |    59 ||   117
Throw: Throwing net      |     2 |     1 |       |     1 ||     4
Invok: Stomp             |       |       |     1 |     6 ||     7
 Abil: Evoke Berserk Rag |       |       |     1 |     9 ||    10
Evoke: Wand              |       |       |     1 |    18 ||    19
  Use: Scroll            |     2 |       |     3 |     9 ||    14
       Potion            |       |     2 |       |     7 ||     9
 Stab: Sleeping          |     1 |       |       |     1 ||     2
       Held in net/web   |       |     1 |       |       ||     1
       Distracted        |       |       |     1 |     7 ||     8
       Paralysed         |       |       |     1 |    28 ||    29
  Eat: Ration            |     1 |     1 |     2 |     3 ||     7
       Chunk             |       |       |    10 |    25 ||    35
Armor: Leather armour    |    38 |       |       |       ||    38
       Scale mail        |    11 |    16 |   183 |   330 ||   540
Dodge: Dodged            |    92 |    25 |   245 |   526 ||   888
